 Dungeon Crawl Stone Soup version 0.27.1-2-g3b301248ec (webtiles) character file.

Game seed: 9057043790029864798

16 belegose the Sneak (level 2, 0/22 HPs)
             Began as a Demonspawn Brigand on Oct 3, 2021.
             Succumbed to a goblin's poison
             ... on level 1 of the Dungeon.
             The game lasted 00:01:38 (531 turns).

belegose the Sneak (Demonspawn Brigand)              Turns: 531, Time: 00:01:38

Health: 0/22       AC: 10    Str: 11    XL:     2   Next: 41%
Magic:  2/2        EV: 12    Int: 12    God:
Gold:   30         SH:  0    Dex: 14    Spells: 1/1 levels left

rFire    . . .     SeeInvis .   a - +2 dagger
rCold    . . .     Faith    .   (no shield)
rNeg     . . .     Spirit   .   b - +0 robe
rPois    .         Reflect  .   i - +1 helmet
rElec    .         Harm     .   k - scarf {repulsion}
rCorr    .         Rampage  .   (no gloves)
Will     .....                  (no boots)
Stlth    ++........             (no amulet)
HPRegen  0.07/turn              (no ring)
MPRegen  0.08/turn              (no ring)

@: lethally poisoned (0 -> -3), sanguine armoured, repel missiles
A: sanguine armour 1
a: no special abilities


You were on level 1 of the Dungeon.
You visited 1 branch of the dungeon, and saw 1 of its levels.

You collected 30 gold pieces.

Inventory:

Hand Weapons
 a - a +2 dagger (weapon)
Missiles
 d - 8 poisoned darts (quivered)
 e - 2 curare-tipped darts
 h - 29 stones
Armour
 b - a +0 robe (worn)
 c - a +0 cloak
 i - a +1 helmet (worn)
 k - a scarf of repulsion (worn)
Jewellery
 j - a ring of ice
Scrolls
 f - a scroll of immolation {unknown}
 g - a scroll of identify {unknown}
 l - a scroll of silence {unknown}


   Skills:
 + Level 2.2 Fighting
 + Level 2.0 Short Blades
 + Level 2.0 Throwing
 + Level 1.2 Dodging
 + Level 3.7 Stealth


You had one spell level left.
You didn't know any spells.
Your spell library was empty.

Dungeon Overview and Level Annotations

Branches:
Dungeon (1/15)

Altars:


Innate Abilities, Weirdness & Mutations

When seriously injured, your bleeding wounds create armour. (AC +6)


Message History

Found a scroll labelled FYNO SYOMEUF.
You see here a rat corpse.
There are monsters nearby!
A goblin comes into view. It is wielding a +0 club.
Found 10 gold pieces.
The bat hits you but does no damage.
You see here a +0 spear.
A rat comes into view.
Found 23 stones.
The bat barely misses you.
The goblin shouts!
You hit the goblin.
The goblin is heavily wounded.
The bat hits you but does no damage.
The goblin hits you with a +0 dagger of venom.
You are poisoned.
You hit the bat but do no damage.
You feel very sick. The bat barely misses you.
The goblin hits you but does no damage.
You are lethally poisoned!
The goblin hits you but does no damage.
Your blood congeals into armour.
You feel very sick. The bat hits you but does no damage.
The goblin closely misses you.
You see here a +0 spear.
You feel very sick. The bat barely misses you.
You see here a rat corpse.
You closely miss the goblin.
You feel sick. The goblin closely misses you.
The goblin hits you but does no damage. The bat barely misses you.
You barely miss the bat.
* * * LOW HITPOINT WARNING * * *
You feel sick. The bat closely misses you. The bat barely misses you.
The goblin barely misses you. The goblin misses you.
* * * LOW HITPOINT WARNING * * *
You feel sick. The bat closely misses you.
The rat twitches its whiskers.
* * * LOW HITPOINT WARNING * * *
You feel sick. The bat barely misses you.
* * * LOW HITPOINT WARNING * * *
You feel sick.
You die...

#.# #.......##........ ..#
###.##.#.#.#..# #.##
#.##.##...#.# ..#
#.##.###.##.# # #####.##
#.##.# #.##.# #$.#.#?#..#
#.##.# #.##.# #....rg..#
#.##.###.##.#
#.....##.b###.##.....##.#
##.....#(g.@.....# ####.##
.......##..######.#####...#
..#?#.#.(#.## #.......#.# #
#####.##.# #######...#
.$...# ##### ######


You could see 2 goblins, a bat and a rat.

Vanquished Creatures
  A dart slug (D:1)
  2 bats (D:1)
  2 endoplasms (D:1)
  3 kobolds (D:1)
  A quokka (D:1)
  A ball python (D:1)
  2 goblins (D:1)
  2 rats (D:1)
14 creatures vanquished.

Notes
Turn   | Place    | Note
-------+----------+-------------------------------------------
     0 | D:1      | belegose the Demonspawn Brigand began the quest for the
                  | Orb.
     0 | D:1      | Reached XP level 1. HP: 16/16 MP: 1/1
    41 | D:1      | Reached skill level 1 in Dodging
   292 | D:1      | Gained mutation: When seriously injured, your bleeding
                  | wounds create armour. (AC +6) [demonic ancestry]
   292 | D:1      | Reached XP level 2. HP: 17/22 MP: 2/2
   530 | D:1      | HP: 1/22 [poisoned by a goblin]
   531 | D:1      | Succumbed to a goblin's poison

Illustrated notes

Levels and vault maps discovered:
D:1:      roderic_chinese_lattice_arrival, layout_loops_ring,
          hellmonk_ecumenical_altar_heavens_door, minmay_octomino_e4

Skill      XL: |  1  2 |
---------------+-------+-----
Dodging        | 1 |  1.2
Throwing       | 2 |  2.0
Short Blades   | 2 |  2.0
Fighting       | |  2.2
Stealth        | |  3.7

Action                   || total
-------------------------++-------
Melee: Dagger            ||    39
 Stab: Sleeping          ||     2
Armor: Robe              ||    15
Dodge: Dodged            ||    30
